 Dungeon Crawl Stone Soup version 0.17.0-15-g6d90897 (webtiles) character file.

134057 zarick13 the Devastator (level 16, -7/134 HPs)
             Began as a Pale Draconian Conjurer on Nov 9, 2015.
             Was the Champion of Vehumet.
             Mangled by a shadow (24 damage)
             ... on level 4 of the Swamp on Nov 10, 2015.
             The game lasted 03:17:27 (44020 turns).

zarick13 the Devastator (Pale Draconian Conjurer)  Turns: 44020, Time: 03:17:27

Health: -7/134     AC: 22    Str: 11    XL:     16   Next: 61%
Magic:  24/32      EV: 17    Int: 23    God:    Vehumet [******]
Gold:   2646       SH:  4    Dex: 11    Spells: 10 memorised, 6 levels left

rFire  . . .     SeeInvis .     a - +1 morningstar (holy)
rCold  + . .     Clarity  .     (armour unavailable)
rNeg   . . .     SustAt   .     Q - +0 buckler {rPois}
rPois  +         Gourm    .     W - +2 hat
rElec  .         Spirit   .     l - +2 cloak
rCorr  .         Warding  .     D - +2 pair of gloves
rMut   .         Stasis   .     g - +1 pair of boots
MR     +....                    (no amulet)
Stlth  ++........               r - ring of protection from cold
                                n - +3 ring of protection

@: somewhat resistant to hostile enchantments, unstealthy
A: breathe steam, unfitting armour, cold-blooded, AC +9
a: Breathe Steam, Renounce Religion


You were on level 4 of the Swamp.
You worshipped Vehumet.
Vehumet was exalted by your worship.
You were not hungry.

You visited 4 branches of the dungeon, and saw 31 of its levels.
You visited the Abyss 1 time.
You also visited: Labyrinth.

You collected 3166 gold pieces.
You spent 520 gold pieces at shops.

Inventory:

Hand Weapons
 a - a +1 morningstar of holy wrath (weapon)
Armour
 g - a +1 pair of boots (worn)
 l - a +2 cloak (worn)
 D - a +2 pair of gloves (worn)
 Q - a +0 buckler of poison resistance (worn)
 W - a +2 hat (worn)
Magical Staves
 b - an uncursed staff of conjuration
Jewellery
 h - an uncursed ring of ice
 m - an uncursed amulet of stasis
 n - a +3 ring of protection (left hand)
 r - a ring of protection from cold (right hand)
 t - an uncursed ring of fire
 w - the cursed ring "Sadyas" {MP+9 Int-3}
   (You found it on level 13 of the Dungeon)

   [ring of intelligence]

   It affects your intelligence (-3).
   It affects your magic capacity (+9).
   It has a curse placed upon it.
 E - an uncursed ring of sustain attributes
 H - the amulet of Duiner {rMut rN+ MR- Stlth+}
   (You found it on level 9 of the Dungeon)

   [amulet of resist mutation]

   It protects you from mutation.
   It protects you from negative energy.
   It affects your resistance to hostile enchantments.
   It makes you more stealthy.
 N - an uncursed ring of protection from magic
 V - an uncursed ring of flight
Wands
 d - a wand of draining (2)
 o - a wand of fire (0)
 p - a wand of teleportation (1)
 v - a wand of disintegration (6)
 K - a wand of disintegration (11)
 M - a wand of teleportation (5)
 O - a wand of fireball (6)
 U - a wand of digging (11)
Scrolls
 f - 2 scrolls of brand weapon
 s - 5 scrolls of teleportation
 u - 2 scrolls of blinking
 x - 4 scrolls of identify
 y - 4 scrolls of enchant weapon
 z - 6 scrolls of remove curse
 F - 4 scrolls of fog
 G - 2 scrolls of magic mapping
 I - 6 scrolls of recharging
 P - 2 scrolls of amnesia
 X - 2 scrolls of fear
Potions
 c - 5 potions of brilliance
 e - 2 potions of cure mutation
 i - 13 potions of curing
 j - 4 potions of resistance
 k - 6 potions of heal wounds
 A - 3 potions of agility
 B - 2 potions of haste
 J - a potion of magic
 S - 6 potions of might
Comestibles
 q - 6 meat rations
 Y - 3 bread rations


   Skills:
 - Level 10.2 Fighting
 - Level 11.0 Maces & Flails
 - Level 1.0(7.0) Staves
 - Level 11.3 Dodging
 - Level 1.7 Stealth
 - Level 4.1 Shields
 * Level 12.9 Spellcasting
 - Level 17.0 Conjurations
 - Level 5.0 Hexes
 - Level 4.5 Charms
 - Level 4.0 Necromancy
 - Level 0.2 Poison Magic


You had 6 spell levels left.
You knew the following spells:

 Your Spells              Type           Power        Failure   Level  Hunger
a - Magic Dart            Conj           ####         0%          1    None
b - Dazzling Spray        Conj/Hex       ######..     1%          3    None
c - Tukima's Dance        Hex            #####...     1%          3    None
d - Fulminant Prism       Conj/Hex       ######....   1%          4    None
e - Mephitic Cloud        Conj/Pois/Air  #####...     1%          3    None
f - Iskenderun's Battles  Conj/Chrm      ######..     1%          5    ###....
g - Orb of Destruction    Conj           #######...   1%          7    ######.
h - Swiftness             Chrm/Air       ####....     2%          2    None
i - Apportation           Tloc           ##........   4%          1    None
j - Bolt of Draining      Conj/Necr      ######....   1%          5    ###....


Dungeon Overview and Level Annotations

Branches:
Dungeon (15/15)            Temple (0/1) D:5            Lair (8/8) D:11
  Swamp (4/4) Lair:5        Snake (0/4) Lair:5        Slime (0/6) Lair:6
    Orc (4/4) D:11            Elf (0/3) Orc:4        Vaults (0/5) D:13
 Depths: D:15

Altars:
Ashenzari
Elyvilon
Fedhas
Kikubaaqudgha
Makhleb
Nemelex Xobeh
Okawaru
Qazlal
Ru
Sif Muna
Trog
Vehumet
Yredelemnul
Zin
The Shining One
Beogh
Jiyva

Shops:
D:5 (?[   D:13 !   Orc:3 (   Orc:4 *(!(

Portals:
Trove: D:10 (give +4 storm dragon armour)

Annotations:
Swamp:2 Cherybdis's ghost, journeyman FoFi


Innate Abilities, Weirdness & Mutations

You can breathe blasts of scalding, opaque steam.
Your pale cyan-grey scales are hard (AC +9).
Your body does not fit into most forms of armour.
You are cold-blooded and may be slowed by cold attacks.


Message History

The spectral alligator barely misses you.
The spriggan druid calls out to the beasts of the wild!
You hit the shadow but do no damage.
You tail-slap the shadow, but do no damage.
The shadow is heavily damaged.
You block the spectral alligator's attack.
The spectral alligator tail-slaps you.
* * * LOW HITPOINT WARNING * * *
The shadow slips into darkness.
The shadow flickers and vanishes!
Deactivating autopickup; reactivate with Ctrl-A.
The spectral alligator bites you but does no damage.
The spectral alligator tail-slaps you.
* * * LOW HITPOINT WARNING * * *
Unknown command.
You barely miss something.
Your fulminant prism crackles loudly.
You hear a distant blaring wail to the northwest.
The shadow strikes at you from the darkness!
You die...

≈≈≈≈.♣♣♣♣ ♣♣♣♣
....≈♣≈.. ♣♣≈≈♣♣
.♣♣♣≈≈≈≈.♣♣♣♣≈≈≈≈♣
♣≈.≈≈.<≈♣♣.§.♣
♣♣.≈§†[.§≈i.§♣♣♣
.....≈≈♣.≈§§Z≈§≈♣
≈≈.≈≈§≈..Z§*§§≈≈♣
≈≈.♣.§§≈≈≈Z§§{≈§♣
≈≈ ♣..≈§§§§§♣Z@.♣
≈ ♣♣≈.†§§§§♣♣♣♣♣
♣♣.§≈≈§≈≈
♣..≈..≈≈.
♣♣♣♣♣...≈♣ ♣♣♣♣♣♣


You could see a spriggan druid, 2 spectral alligators, a spectral snapping
turtle and a spectral merfolk.

Vanquished Creatures
  Nikola (Swamp:1)
  4 thorn hunters
  Maud (Orc:2)
  Louise (D:14)
  Azrael (D:12)
  4 vault guards (D:13)
  Snorg (Lair:4)
  A minotaur (Lab)
  Erolcha (Orc:3)
  Harold (Lair:3)
  A ghost crab (Swamp:3)
  13 hydras
  5 centaur warriors
  5 ogre magi
  3 alligators (Swamp:2)
  7 death yaks
  A tengu warrior (D:14)
  Urug (Orc:1)
  Nergalle (D:11)
  A wretched star (Abyss:1)
  A giant orange brain (Abyss:1)
  3 unseen horrors
  3 shambling mangroves (Swamp:2)
  3 swamp dragons
  A hill giant (D:14)
  2 oklob plants (Swamp:2)
  10 ugly things
  An orc sorcerer (D:13)
  5 griffons
  An orc knight (D:13)
  3 cyclopes
  2 smoke demons (Abyss:1)
  An efreet (D:14)
  7 black mambas
  A guardian serpent (shapeshifter) (D:14)
  A torpor snail (Lair:5)
  4 gargoyles
  3 komodo dragons
  A komodo dragon (shapeshifter) (D:13)
  26 spiny frogs
  A kobold demonologist (D:15)
  A yaktaur (D:13)
  4 trolls
  3 fire drakes
  A tengu conjurer (D:14)
  5 spriggan druids
  5 giant leeches
  7 polar bears (Lair:8)
  4 bog bodies
  16 blink frogs
  18 slime creatures
  Prince Ribbit (Lair:3)
  A dancing weapon (D:8)
  17 two-headed ogres
  A trapdoor spider zombie (D:8)
  A boulder beetle (Lair:8)
  A harpy skeleton (D:15)
  13 spriggans
  4 shadows
  2 trapdoor spiders (Lab)
  7 redbacks (Lair:8)
  44 yaks
  A vampire (D:12)
  A deep elf mage (D:15)
  3 wyverns
  A water elemental (D:14)
  A human (shapeshifter) (D:15)
  2 deep elf fighters (D:13)
  4 fire elementals (D:12)
  13 hippogriffs
  3 basilisks
  8 vampire mosquitoes
  22 wolves
  7 insubstantial wisps
  3 hell hounds (D:12)
  26 swamp worms
  18 water moccasins
  Duvessa (D:5)
  2 sky beasts
  13 swamp drakes
  An eye of draining (D:11)
  10 orc warriors
  A soldier ant (shapeshifter) (D:14)
  13 porcupines
  4 necrophages
  10 black bears
  31 ogres
  2 phantoms
  5 ice beasts
  11 wasps
  4 boggarts (D:14)
  20 centaurs
  9 crocodiles
  2 small abominations (Abyss:1)
  A brain worm (D:13)
  16 giant frogs
  Dowan (D:5)
  A scorpion (D:9)
  9 killer bees
  26 wights
  3 electric eels
  2 vampire bats (Orc:2)
  7 crimson imps
  6 centaur zombies
  3 giant frog zombies (D:8)
  2 quasits
  A wasp zombie (D:9)
  3 gnoll shamans (D:3)
  4 jellies
  19 orc priests
  A giant frog skeleton (D:12)
  7 hounds
  Crazy Yiuf (D:7)
  6 centaur skeletons
  Jessica (D:4)
  16 orc wizards
  6 worker ants
  10 iguanas
  24 sheep
  2 hound zombies (D:8)
  A hound skeleton (D:8)
  3 mummies
  2 worker ant zombies
  Robin (D:3)
  30 gnolls (D:3)
  39 river rats
  3 shadow imps (D:6)
  6 adders
  An ooze (D:1)
  An adder zombie (D:9)
  An adder skeleton (D:8)
  3 worms
  132 orcs
  6 hobgoblins
  27 jackals
  A ball python (D:5)
  21 bats
  7 giant cockroaches
  5 giant geckos
  A giant gecko skeleton (D:4)
  4 giant newts
  22 goblins
  9 kobolds
  7 quokkas
  A quokka zombie (D:10)
  12 rats
  2 fulminant prisms
  5 fungi
  2 plants
1075 creatures vanquished.

Vanquished Creatures (collateral kills)
  5 ogres
  2 gnolls (D:3)
7 creatures vanquished.

Vanquished Creatures (others)
  3 blink frogs (Swamp:4)
  A slime creature (D:14)
  3 dancing weapons
  A swamp worm (Swamp:4)
  293 fulminant prisms
  84 fungi
  26 plants
411 creatures vanquished.

Grand Total: 1493 creatures vanquished

Notes
Turn   | Place    | Note
--------------------------------------------------------------
     0 | D:1      | zarick13 the Draconian Conjurer began the quest for the Orb.
     0 | D:1      | Reached XP level 1. HP: 14/14 MP: 3/3
   334 | D:1      | Reached XP level 2. HP: 20/20 MP: 1/5
   742 | D:1      | Reached skill level 5 in Conjurations
   760 | D:1      | Reached XP level 3. HP: 22/26 MP: 3/6
   773 | D:1      | Learned a level 3 spell: Dazzling Spray
  1325 | D:2      | Found a glowing golden altar of the Shining One.
  1326 | D:2      | Found an iron altar of Okawaru.
  1342 | D:2      | Reached skill level 1 in Hexes
  1776 | D:2      | Found a shattered altar of Ashenzari.
  1776 | D:2      | Found a glowing silver altar of Zin.
  1777 | D:2      | Found a radiant altar of Vehumet.
  1850 | D:2      | Found an ancient bone altar of Kikubaaqudgha.
  2116 | D:3      | Reached XP level 4. HP: 17/33 MP: 0/7
  2477 | D:3      | Learned a level 3 spell: Tukima's Dance
  2601 | D:3      | Noticed Robin
  3075 | D:3      | Found a sparkling altar of Nemelex Xobeh.
  3156 | D:2      | Became a worshipper of Vehumet
  3230 | D:3      | Killed Robin
  3230 | D:3      | Reached XP level 5. HP: 29/38 MP: 2/8
  3369 | D:3      | Reached skill level 6 in Conjurations
  3693 | D:3      | Reached XP level 6. HP: 36/45 MP: 7/9
  4255 | D:3      | Reached skill level 7 in Conjurations
  4721 | D:3      | Noticed an ogre
  4748 | D:3      | Reached * piety under Vehumet
  4748 | D:3      | Offered knowledge of Freeze by Vehumet.
  5217 | D:3      | Your scales start taking on a pale cyan-grey colour.
  5217 | D:3      | Reached XP level 7. HP: 50/50 MP: 10/10
  5228 | D:3      | Killed an ogre
  5631 | D:4      | Reached skill level 5 in Hexes
  5800 | D:4      | Learned a level 4 spell: Fulminant Prism
  5845 | D:4      | Noticed Jessica
  5847 | D:4      | Killed Jessica
  5855 | D:4      | Found a deep blue altar of Sif Muna.
  5901 | D:4      | Found a burning altar of Makhleb.
  6367 | D:5      | Entered Level 5 of the Dungeon
  6518 | D:5      | Found Tanaih's Weapon Emporium.
  6526 | D:5      | Found Rurakobe's Magic Scroll Shoppe.
  6578 | D:5      | Reached XP level 8. HP: 43/57 MP: 4/14
  6697 | D:5      | Found a staircase to the Ecumenical Temple.
  6749 | D:5      | Found a sacrificial altar of Ru.
  6880 | D:5      | Reached ** piety under Vehumet
  6880 | D:5      | Offered knowledge of Sting by Vehumet.
  6889 | D:5      | Found Aluaz's Antique Armour Shop.
  6965 | D:5      | Reached skill level 8 in Conjurations
  6966 | D:5      | Noticed Duvessa
  6969 | D:5      | Noticed Dowan
  7007 | D:5      | Killed Duvessa
  7019 | D:5      | Killed Dowan
  7317 | D:5      | Reached skill level 9 in Conjurations
  7405 | D:5      | Learned a level 3 spell: Mephitic Cloud
  8023 | D:6      | Reached skill level 10 in Conjurations
  8381 | D:6      | Reached XP level 9. HP: 58/62 MP: 15/15
  8413 | D:6      | Found a bloodstained altar of Trog.
  8857 | D:6      | Offered knowledge of Throw Flame by Vehumet.
  9034 | D:7      | Reached skill level 11 in Conjurations
  9181 | D:7      | Found a blossoming altar of Fedhas.
  9333 | D:7      | Reached *** piety under Vehumet
  9351 | D:7      | Reached skill level 5 in Spellcasting
 10011 | D:7      | Noticed Crazy Yiuf
 10025 | D:7      | Killed Crazy Yiuf
 10032 | D:7      | Got a jewelled mace
 10033 | D:7      | Identified the +7 mace of Vamoosti {pain, rC+} (You found it on level 7 of the Dungeon)
 10275 | D:7      | Offered knowledge of Sticky Flame by Vehumet.
 10278 | D:7      | Reached skill level 12 in Conjurations
 10356 | D:7      | Learned a level 5 spell: Iskenderun's Battlesphere
 10479 | D:8      | Reached XP level 10. HP: 60/69 MP: 8/19
 10494 | D:8      | Reached skill level 1 in Charms
 10818 | D:8      | Reached **** piety under Vehumet
 11010 | D:8      | Offered knowledge of Irradiate by Vehumet.
 11080 | D:8      | Reached skill level 1 in Fighting
 11607 | D:9      | Got a twitching pewter amulet
 11609 | D:9      | Identified the amulet of Duiner {rMut rN+ MR- Stlth+} (You found it on level 9 of the Dungeon)
 11613 | D:9      | Found a stormy altar of Qazlal.
 11627 | D:9      | Noticed a griffon
 11636 | D:9      | Killed a griffon
 12113 | D:9      | Reached skill level 5 in Fighting
 12301 | D:10     | Entered Level 10 of the Dungeon
 12797 | D:10     | Reached XP level 11. HP: 94/94 MP: 14/20
 13099 | D:10     | Found a portal to a secret trove of treasure.
 13175 | D:10     | Reached skill level 1 in Maces & Flails
 13178 | D:10     | Reached ***** piety under Vehumet
 13185 | D:10     | Offered knowledge of Orb of Destruction by Vehumet.
 13944 | D:11     | Noticed Nergalle
 14026 | D:11     | Killed an unseen horror
 14026 | D:11     | Reached skill level 5 in Maces & Flails
 14671 | D:11     | Found a staircase to the Orcish Mines.
 14874 | D:11     | Found a staircase to the Lair.
 14920 | D:11     | Killed Nergalle
 15920 | Lair:1   | Entered Level 1 of the Lair of Beasts
 15984 | Lair:1   | Noticed a five-headed hydra
 15994 | Lair:1   | Killed a five-headed hydra
 16607 | Lair:1   | Learned a level 7 spell: Orb of Destruction
 16810 | Lair:2   | Noticed a five-headed hydra
 16821 | Lair:2   | Killed a five-headed hydra
 16821 | Lair:2   | Reached XP level 12. HP: 102/102 MP: 16/24
 16963 | Lair:2   | Offered knowledge of Conjure Ball Lightning by Vehumet.
 17360 | Lair:2   | Reached skill level 13 in Conjurations
 18737 | Lair:3   | Found a basalt altar of Yredelemnul.
 18831 | Lair:3   | Noticed Harold
 19097 | Lair:3   | Killed Harold
 19097 | Lair:3   | Reached skill level 10 in Maces & Flails
 19157 | Lair:3   | Noticed a seven-headed hydra
 19172 | Lair:3   | Killed a seven-headed hydra
 19234 | Lair:3   | Noticed Prince Ribbit
 19244 | Lair:3   | Killed Prince Ribbit
 20175 | Lair:4   | Noticed a four-headed hydra
 20216 | Lair:4   | Noticed Snorg
 20226 | Lair:4   | You fall through a shaft for 3 floors!
 20735 | Lair:7   | Reached XP level 13. HP: 60/107 MP: 12/26
 21198 | Lair:6   | Reached skill level 14 in Conjurations
 21300 | Lair:6   | Offered knowledge of Bolt of Draining by Vehumet.
 21662 | Lair:5   | Found a labyrinth entrance.
 21678 | Lab      | Entered a labyrinth
 22764 | Lab      | Identified Kikubaaqudgha's Collected Works on Evil
 23067 | Lair:6   | Found a viscous altar of Jiyva.
 23068 | Lair:6   | Found a staircase to the Slime Pits.
 23221 | Lair:6   | Reached skill level 10 in Spellcasting
 23591 | Lair:5   | Found a staircase to the Swamp.
 24035 | Lair:5   | Found a staircase to the Snake Pit.
 24452 | Lair:4   | Killed Snorg
 24826 | Lair:4   | Killed a four-headed hydra
 25265 | Lair:2   | Learned a level 2 spell: Swiftness
 25651 | Lair:7   | Noticed a six-headed hydra
 25662 | Lair:7   | Killed a six-headed hydra
 26077 | Lair:8   | Entered Level 8 of the Lair of Beasts
 26638 | Lair:8   | Reached skill level 15 in Conjurations
 26678 | Lair:8   | Reached XP level 14. HP: 115/115 MP: 17/29
 26681 | Lair:8   | Offered knowledge of Iron Shot by Vehumet.
 27499 | Lair:8   | Reached skill level 16 in Conjurations
 28804 | Orc:1    | Entered Level 1 of the Orcish Mines
 28804 | Orc:1    | Found a roughly hewn altar of Beogh.
 29058 | Orc:1    | Offered knowledge of Poison Arrow by Vehumet.
 29066 | Orc:1    | Noticed Urug
 29080 | Orc:1    | Killed Urug
 29559 | Orc:2    | Noticed Maud
 29578 | Orc:2    | Killed Maud
 29578 | Orc:2    | Reached skill level 1 in Staves
 30194 | Orc:3    | Found Tefracw's Weapon Boutique.
 30217 | Orc:3    | Found a roughly hewn altar of Beogh.
 30257 | Orc:3    | Noticed Erolcha
 30260 | Orc:3    | Killed Erolcha
 30670 | Orc:4    | Entered Level 4 of the Orcish Mines
 30874 | Orc:4    | Found a staircase to the Elven Halls.
 31133 | Orc:4    | Found Bumiuttioso's General Store.
 31134 | Orc:4    | Found Jodoes's Distillery.
 31134 | Orc:4    | Found Bevakum's Antique Weapon Boutique.
 31134 | Orc:4    | Found Kiqof's Antique Weapon Shoppe.
 31142 | Orc:4    | Reached skill level 5 in Dodging
 31174 | Orc:4    | Offered knowledge of Spellforged Servitor by Vehumet.
 31613 | Orc:4    | Upgraded the game from 0.17.0-9-g801d43b to 0.17.0-15-g6d90897
 31994 | D:5      | Bought a scroll of acquirement for 520 gold pieces
 32296 | D:12     | Noticed Azrael
 32304 | D:12     | Killed Azrael
 33695 | D:12     | Reached XP level 15. HP: 121/121 MP: 30/30
 33794 | D:13     | Found Siduoghy's Distillery.
 33950 | D:13     | Found a deep blue altar of Sif Muna.
 34114 | D:13     | Paralysed by an orc sorcerer for 3 turns
 34913 | D:13     | Reached skill level 10 in Dodging
 34983 | D:13     | Found a gate to the Vaults.
 34992 | D:13     | Got a faintly glowing granite ring
 34993 | D:13     | Identified the cursed ring "Sadyas" {MP+9 Int-3} (You found it on level 13 of the Dungeon)
 35621 | D:14     | Noticed Louise
 35643 | D:14     | Cast into the Abyss (Louise)
 35649 | Abyss:1  | Found a corrupted altar of Lugonu.
 35782 | Abyss:1  | Noticed a tentacled starspawn
 35988 | Abyss:1  | Noticed a tentacled starspawn
 36029 | Abyss:1  | Reached ****** piety under Vehumet
 36182 | D:14     | Escaped the Abyss
 36196 | D:14     | Killed Louise
 36346 | D:14     | Offered knowledge of Bolt of Cold by Vehumet.
 36426 | D:14     | Reached skill level 1 in Shields
 37088 | D:15     | Entered Level 15 of the Dungeon
 37798 | Lair:2   | Learned a level 1 spell: Apportation
 37804 | Lair:2   | Learned a level 5 spell: Bolt of Draining
 37917 | Swamp:1  | Entered Level 1 of the Swamp
 37944 | Swamp:1  | Reached skill level 1 in Necromancy
 38068 | Swamp:1  | Noticed Nikola
 38078 | Swamp:1  | Killed Nikola
 38956 | Swamp:1  | Offered knowledge of Lehudib's Crystal Spear by Vehumet.
 38956 | Swamp:1  | Offered knowledge of Fire Storm by Vehumet.
 38956 | Swamp:1  | Offered knowledge of Chain Lightning by Vehumet.
 39520 | Swamp:1  | Noticed a thorn hunter
 39525 | Swamp:1  | Killed a thorn hunter
 39533 | Swamp:1  | Reached XP level 16. HP: 130/130 MP: 6/31
 39819 | Swamp:2  | Noticed a thorn hunter
 39825 | Swamp:2  | Killed a thorn hunter
 39859 | Swamp:2  | Noticed a thorn hunter
 40071 | Swamp:2  | Killed a thorn hunter
 40071 | Swamp:2  | Reached skill level 10 in Fighting
 40473 | Swamp:2  | Noticed Cherybdis's ghost (journeyman FoFi)
 40870 | Swamp:2  | Noticed a thorn hunter
 40885 | Swamp:2  | Killed a thorn hunter
 40885 | Swamp:2  | Reached skill level 17 in Conjurations
 41257 | Swamp:2  | Found a white marble altar of Elyvilon.
 43031 | Swamp:3  | Identified a -3 rod of the swarm (11/11) (You found it on level 2 of the Swamp)
 43258 | Swamp:4  | Entered Level 4 of the Swamp
 44020 | Swamp:4  | Mangled by a shadow

Action                   |  1- 3 |  4- 6 |  7- 9 | 10-12 | 13-15 | 16-18 || total
-------------------------+-------+-------+-------+-------+-------+-------++-------
Melee: Unarmed           |    29 |       |       |       |       |       ||    29
       Spear             |   123 |    58 |       |       |       |       ||   181
       Dagger            |       |   249 |   244 |   106 |       |       ||   599
       Morningstar       |       |       |       |   234 |   245 |    35 ||   514
       Staff             |       |       |       |       |    78 |     8 ||    86
 Cast: Magic Dart        |    40 |    19 |    50 |   185 |   604 |   180 ||  1078
       Dazzling Spray    |     1 |    13 |    24 |     8 |    11 |       ||    57
       Tukima's Dance    |       |    10 |     7 |     6 |       |       ||    23
       Fulminant Prism   |       |       |    32 |    96 |   150 |    23 ||   301
       Mephitic Cloud    |       |       |     3 |     1 |     4 |       ||     8
       Iskenderun's Batt |       |       |     2 |    35 |    98 |    38 ||   173
       Orb of Destructio |       |       |       |     5 |    72 |    29 ||   106
       Bolt of Draining  |       |       |       |       |     9 |    20 ||    29
       Swiftness         |       |       |       |       |     2 |     2 ||     4
 Abil: Breathe Steam     |       |       |    11 |     4 |     2 |     1 ||    18
Evoke: Wand              |       |       |       |     1 |     6 |       ||     7
  Use: Scroll            |     8 |       |     3 |    13 |    21 |     4 ||    49
       Potion            |       |     1 |       |     2 |     4 |     1 ||     8
 Stab: Sleeping          |     2 |     1 |     2 |     3 |     2 |       ||    10
       Distracted        |     1 |       |       |       |       |       ||     1
       Invisible         |       |     1 |     4 |     1 |       |       ||     6
       Confused          |       |       |     1 |       |       |       ||     1
  Eat: Chunk             |     5 |    14 |    16 |    27 |    69 |     7 ||   138
       Beef jerky        |       |       |     1 |     5 |    14 |     1 ||    21
       Bread ration      |       |       |     1 |     4 |     3 |     1 ||     9
       Royal jelly       |       |       |     2 |       |       |     1 ||     3
       Pizza             |       |       |       |     2 |     3 |       ||     5
       Meat ration       |       |       |       |       |     2 |     3 ||     5
       Fruit             |       |       |       |       |       |     2 ||     2
